 Dungeon Crawl Stone Soup version 0.30-b1-2-g02819fbbbe (webtiles) character file.

Game seed: 2430380179377638002

2746 vatarom the Changer (level 9, -6/82 HPs)
             Began as a Naga Transmuter on June 12, 2023.
             Was a Follower of Cheibriados.
             Mangled by a troll (15 damage)
             ... on level 9 of the Dungeon.
             The game lasted 00:21:01 (10394 turns).

vatarom the Changer (Naga Transmuter)              Turns: 10394, Time: 00:21:02

Health: -6/82      AC:  8    Str: 21    XL:     9   Next: 68%
Magic:  13/22      EV: 12    Int: 15    God:    Cheibriados [*.....]
Gold:   494        SH:  0    Dex: 18    Spells: 4/14 levels left

rFire   + .          .
                       - Unarmed
rCold   . . .        (no shield)
rNeg    . . .        a - +1 robe
rPois   +            f - +2 helmet
rElec   .            (no cloak)
rCorr   .            (no gloves)
SInv    +            (no barding)
Will    ++...        B - amulet of the acrobat
Stlth   +++          x - ring of magical power
HPRegen 0.33/turn    q - ring "Witairag" {rF+ Str+6}
MPRegen 0.18/turn

%: acrobat
@: very slightly contaminated, very slow
A: AC +3, large, see invisible, deformed body, poison resistance, slowness 2,
spit poison 1, naga tail 1, strong-willed 1, wild magic 1
a: Spit Poison, Renounce Religion, Bend Time


You were on level 9 of the Dungeon.
You worshipped Cheibriados.
Cheibriados was aware of your devotion.
You visited 2 branches of the dungeon, and saw 10 of its levels.
You also visited: Sewer.

You collected 494 gold pieces.

Inventory:

Missiles
 p - 18 poisoned darts (quivered)
 s - 4 atropa-tipped darts
Armour
 a - a +1 robe (worn)
 f - a +2 helmet (worn)
 y - +0 acid dragon scales
Jewellery
 c - a ring of protection from cold
 q - the ring "Witairag" (right hand) {rF+ Str+6}
   (You acquired it on level 3 of the Dungeon)

   [ring of protection from fire]

   Str:       It affects your strength (+6).
   rF:        It protects you from fire.
 x - a ring of magical power (left hand)
 B - an amulet of the acrobat (around neck)
Wands
 v - a wand of mindburst (9)
 A - a wand of flame (13)
Scrolls
 g - a scroll of poison
 k - a scroll of teleportation {@r3}
 n - 2 scrolls of fear
 o - 3 scrolls of noise
 r - a scroll of amnesia {unknown}
 u - a scroll of blinking {unknown}
 w - 2 scrolls of summoning {unknown}
 z - a scroll of torment {unknown}
Potions
 d - 2 potions of invisibility
 e - 3 potions of flight
 i - 9 potions of curing {@q1}
 j - 2 potions of magic
 m - 2 potions of degeneration
 t - 5 potions of might {@q4}


   Skills:
 + Level 6.0 Fighting
 - Level 1.4 Throwing
 - Level 4.2 Dodging
 - Level 3.2 Stealth
 + Level 5.7 Unarmed Combat
 + Level 3.2 Spellcasting
 * Level 6.4 Transmutations
 - Level 2.1 Ice Magic
 - Level 4.1 Poison Magic
 + Level 3.6 Invocations


You had 4 spell levels left.
You knew the following spells:

 Your Spells              Type           Power      Damage    Failure   Level
a - Beastly Appendage     Tmut           56%        N/A       2%          1
b - Wereblood             Tmut           28%        N/A       4%          2
c - Spider Form           Tmut/Pois      23%        N/A       11%         3
d - Ice Form              Ice/Tmut       19%        N/A       43%         4

Your spell library contained the following spells:

 Spells                   Type           Power      Damage    Failure   Level
 Apportation              Tloc           6%         N/A       28%         1
 Necrotise                Necr           12%        1d4       28%         1
 Summon Small Mammal      Summ           12%        N/A       28%         1
 Sublimation of Blood     Necr           3%         N/A       38%         2
 Hailstorm                Conj/Ice       7%         3d4       45%         3
 Petrify                  Tmut/Erth      15%        N/A       54%         4
 Stone Arrow              Conj/Erth      6%         3d7       61%         3
 Animate Armour           Summ/Erth      6%         N/A       93%         4
 Leda's Liquefaction      Hex/Erth       1%         N/A       93%         4
 Irradiate                Conj/Tmut      7%         3d14      87%         5
 Lee's Rapid Deconstruct  Erth           1%         3d4*      100%        5
 Conjure Ball Lightning   Conj/Air       1%         3x3d6     100%        6
 Simulacrum               Ice/Necr       3%         N/A       100%        6
 Statue Form              Tmut/Erth      10%        N/A       100%        6
 Discord                  Hex            1%         N/A       100%        8
 Disjunction              Tloc           1%         N/A       100%        8
 Lehudib's Crystal Spear  Conj/Erth      1%         10d2      100%        8


Dungeon Overview and Level Annotations

Branches:
Dungeon (9/15)             Temple (1/1) D:5           Sewer (visited)
   Lair: D:8-11         Orc: D:9-12

Altars:
Ashenzari
Cheibriados
Dithmenos
Elyvilon
Fedhas
Gozag
Hepliaklqana
Kikubaaqudgha
Makhleb
Nemelex Xobeh
Qazlal
Ru
Sif Muna
Uskayaw
Wu Jian
Xom
Yredelemnul
The Shining One
Lugonu

Shops:
D:1 !

Portals:
Abyss: D:5

Annotations:
D:3 Ijyb
D:8 exclusions: 3 floating eyes and 2 oklob plants


Innate Abilities, Weirdness & Mutations

Your serpentine skin is tough. (AC +3)
You have supernaturally acute eyesight. (SInv)
Armour fits poorly on your strangely shaped body.
Your system is resistant to poisons. (rPois)
You cover ground very slowly.
You can spit poison.
You have a snake-like lower body.
You are strong-willed. (Will+)
Your spells are a little harder to cast, but a little more powerful.


Message History

Aim: a troll (lightly wounded, poisoned, 68% to hit)
The puff of flame hits the troll.
The troll is moderately wounded.
Casting: Ice Form (dangerous; 43% risk of failure)
Confirm with . or Enter, or press ? or * to list all spells.
You miscast Spider Form.
You are very lightly contaminated with residual magic.
Nothing appears to happen.
The troll bites you. The troll misses you. The troll claws you.
Casting: Spider Form (dangerous; 11% risk of failure)
Confirm with . or Enter, or press ? or * to list all spells.
You miscast Spider Form.
Nothing appears to happen.
You have got your breath back.
The troll bites you. The troll claws you! The troll barely misses you.
You barely miss the troll.
The troll is moderately wounded.
The troll bites you. The troll claws you! The troll closely misses you.
You feel better. The troll barely misses you. x2
The troll claws you but does no damage.
Casting: Spider Form (dangerous; 11% risk of failure)
Confirm with . or Enter, or press ? or * to list all spells.
You turn into a creature of crystalline ice.
Your +2 helmet melds into your body.
Your +1 robe melds into your body.
The troll bites you! The troll claws you!
* * * LOW HITPOINT WARNING * * *
The troll claws you but does no damage.
You punch the troll! You freeze the troll.
The troll is heavily wounded.
The troll looks more healthy.
The troll bites you!
* * * LOW HITPOINT WARNING * * *
The troll claws you!
* * * LOW HITPOINT WARNING * * *
The troll barely misses you.
You warm up again.
Your +2 helmet unmelds from your body.
Your +1 robe unmelds from your body.
The troll bites you but does no damage. The troll claws you.
* * * LOW HITPOINT WARNING * * *
The troll barely misses you.
You feel better. The troll bites you!
You die...

# #.# ####### ####.##.#
#......
........##########.#####
####.##............#####
#.###########..... #.#
#.#### #.# #.# #T# #.#
#@###########.#
#.............#
###############


You could see a troll.

Vanquished Creatures
  A hornet (D:9)
  A vampire (D:9)
  A steam dragon (D:7)
  An acid dragon (D:7)
  2 sky beasts
  A black bear (D:6)
  3 ogres
  3 centaurs
  2 phantoms
  2 kobold brigands
  A gnoll sergeant (D:8)
  2 bullfrogs
  3 scorpions
  A howler monkey (D:4)
  3 hounds
  2 jellies
  3 orc priests (D:5)
  A sleepcap (D:6)
  2 iguanas (D:4)
  3 orc wizards
  4 gnolls (D:8)
  7 adders
  7 river rats
  5 white imps
  An ufetubus (D:5)
  4 worms
  A dart slug (D:4)
  23 orcs
  5 bats
  4 endoplasms
  7 giant cockroaches
  6 goblins
  7 hobgoblins
  2 jackals (Sewer)
  3 quokkas
  8 ball pythons
  3 frilled lizards
  17 kobolds
  11 rats
  A lurking horror (D:5)
164 creatures vanquished.

Vanquished Creatures (others)
  A lurking horror (D:5)
1 creature vanquished.

Grand Total: 165 creatures vanquished

Notes
Turn   | Place    | Note
-------+----------+-------------------------------------------
     0 | D:1      | vatarom the Naga Transmuter began the quest for the Orb.
     0 | D:1      | Reached XP level 1. HP: 18/18 MP: 3/3
    14 | D:1      | Found Qeusuo Teil's Distillery.
   301 | D:1      | Reached XP level 2. HP: 23/25 MP: 3/5
  1253 | D:1      | Reached XP level 3. HP: 26/32 MP: 6/6
  1826 | D:2      | Learned a level 2 spell: Wereblood
  2117 | D:2      | Found a faded altar of an unknown god.
  2628 | D:3      | Reached XP level 4. HP: 35/40 MP: 7/7
  2771 | D:3      | Noticed Ijyb
  2912 | D:3      | Reached skill level 1 in Stealth
  2930 | D:3      | Learned a level 3 spell: Spider Form
  3263 | D:3      | Identified a scroll of acquirement
  3263 | D:3      | Acquired the ring "Witairag" {rF+ Str+6}
  3868 | D:4      | Noticed a phantom
  3895 | D:4      | Killed a phantom
  3896 | D:4      | Reached skill level 1 in Poison Magic
  3896 | D:4      | Reached XP level 5. HP: 29/49 MP: 8/8
  4102 | D:4      | Reached XP level 6. HP: 47/56 MP: 9/9
  4143 | D:4      | Found a glowing drain.
  4151 | Sewer    | Entered a sewer
  4403 | Sewer    | Found a white marble altar of Elyvilon.
  4547 | D:4      | Reached XP level 7. HP: 36/63 MP: 10/10
  5171 | D:4      | Gained mutation: Your spells are a little harder to cast,
                  | but a little more powerful. [potion of mutation]
  5171 | D:4      | Gained mutation: You are strong-willed. (Will+) [potion of
                  | mutation]
  5268 | D:5      | Entered Level 5 of the Dungeon
  5268 | D:5      | Found a staircase to the Ecumenical Temple.
  5411 | D:5      | Reached skill level 1 in Throwing
  5439 | D:5      | Reached XP level 8. HP: 71/73 MP: 11/11
  5657 | D:5      | Found a one-way gate to the infinite horrors of the Abyss.
  5665 | D:5      | Found a corrupted altar of Lugonu.
  5927 | D:5      | Learned a level 4 spell: Ice Form
  6153 | D:5      | Found a white marble altar of Elyvilon.
  6153 | D:5      | Found a shadowy altar of Dithmenos.
  6446 | Temple   | Entered the Ecumenical Temple
  6509 | Temple   | Became a worshipper of Cheibriados the Contemplative
  6881 | D:6      | Reached skill level 1 in Ice Magic
  7024 | D:6      | Reached skill level 1 in Invocations
  7296 | D:6      | Reached skill level 5 in Fighting
  8348 | D:7      | Reached skill level 5 in Unarmed Combat
  8348 | D:7      | Reached skill level 5 in Transmutations
  8348 | D:7      | Reached XP level 9. HP: 67/81 MP: 12/12
  9302 | D:8      | Reached * piety under Cheibriados
  9581 | D:8      | Noticed an oklob plant
  9649 | D:8      | Paralysed by a floating eye for 4 turns
  9669 | D:8      | Paralysed by a floating eye for 4 turns
  9674 | D:8      | Paralysed by a floating eye for 2 turns
  9678 | D:8      | Paralysed by a floating eye for 4 turns
  9705 | D:8      | Paralysed by a floating eye for 4 turns
  9717 | D:8      | Paralysed by a floating eye for 4 turns
  9724 | D:8      | Paralysed by a floating eye for 2 turns
  9728 | D:8      | Paralysed by a floating eye for 2 turns
  9878 | D:8      | Noticed an oklob plant
  9958 | D:9      | Noticed a hornet
  9967 | D:9      | Killed a hornet
 10382 | D:9      | Noticed a troll
 10393 | D:9      | HP: 2/82 [troll (4)]
 10394 | D:9      | Mangled by a troll

Illustrated notes

Levels and vault maps discovered:
D:1:      wander_arrival_lonely_grave, layout_basic, serial_shops, shop
D:2:      layout_loops_corners, ebering_ecumenical_altar_box
D:3:      layout_basic, kennysheep_generic_room_14, uniq_ijyb
D:4:      minmay_chambers_of_twos, layout_gridville, gup_sewer_entry_bubbles,
          amcnicky_mini_corridor_feature
D:5:      layout_basic, chequers_temple_overflow_statue_of_worship,
          temple_fountains, amcnicky_altar_lugonu_corruption
D:6:      layout_basic, dk_rats_in_the_wall
D:7:      layout_basic
D:8:      layout_basic, chequers_mini_garden, hangedman_abyss_or_decor_stagger,
          chequers_jeans, disabler_island
D:9:      layout_loops_ring
Temple:   nicolae_temple_bog_church

Skill      XL: |  1  2  3  4  5  6  7  8  9 |
---------------+----------------------------+-----
Fighting       | 2 3 4 5 6 |  6.0
Dodging        | 2 3 4 |  4.2
Stealth        | 1 2 3 |  3.2
Poison Magic   | 1 2 3 4 |  4.1
Transmutations | 3 5 6 |  6.4
Unarmed Combat | 4 5 |  5.7
Throwing       | 1 |  1.4
Ice Magic      | 2 |  2.1
Invocations    | 2 3 |  3.6
Spellcasting   | 3 |  3.2

Action                     |  1- 3 |  4- 6 |  7- 9 || total
---------------------------+-------+-------+-------++-------
  Melee: Unarmed           |   142 |   177 |   305 ||   624
         Headbutt          |     7 |    14 |     4 ||    25
         Punch             |     5 |     1 |     7 ||    13
  Throw: Dart              |       |       |    27 ||    27
   Cast: Beastly Appendage |    14 |    21 |     7 ||    42
         Wereblood         |     7 |     3 |     2 ||    12
         Spider Form       |       |     6 |    25 ||    31
         Ice Form          |       |       |     2 ||     2
 Invoke: Bend Time         |       |       |     1 ||     1
Ability: Spit Poison       |     1 |     2 |    14 ||    17
         End Transformatio |       |       |     2 ||     2
  Evoke: Wand              |       |       |     8 ||     8
    Use: Potion            |     1 |     3 |     8 ||    12
         Scroll            |       |     1 |    10 ||    11
   Stab: Sleeping          |       |     1 |     3 ||     4
         Invisible         |       |     1 |       ||     1
 Armour: Robe              |    28 |    31 |    43 ||   102
         Skin              |       |       |    18 ||    18
  Dodge: Dodged            |    83 |   104 |   286 ||   473
